Description

This is PiG's guide to a beginner friendly economic build. It's a build that can take you in any direction you'd like.

VOD

https://www.youtube.com/watch?v=Fj71QdOWUdY

Build Order

Get SALT Encoding   

  14  0:22  Pylon  For the wall in the natural.
  16  0:42  Gateway  For the wall in the natural. Send probe to scout.
  17  0:50  Assimilator  
  20  1:35  Nexus  
  20  1:39  Cybernetics Core  For the wall in the natural.
  21  1:50  Pylon  
  25  2:16  Stalker (Chrono Boost)  
  25  2:17  Warp Gate (Chrono Boost)  
  26  2:28  Robotics Facility  In the main base.
  29  2:38  Adept  
  36  3:06  Adept  
  39  3:16  Observer (Chrono Boost)  
  41  3:25  Gateway  
  41  3:26  Gateway  
  42  3:28  Pylon  
  44  3:32  Adept  
  45  3:40  Pylon  
  46  3:45  Assimilator x3  
  53  4:02  Immortal (Chrono Boost)  
  56  4:26  Twilight Council  
  57  4:31  Pylon x2  
  62  4:44  Gateway  
  62  4:46  Gateway  
  62  4:48  Gateway  
  66  5:00  Immortal  
  68  5:09  Resonating Glaives (Chrono Boost)  
  70  5:15  Sentry  
  74  5:24  Gateway  
  74  5:30  Gateway  
  74  5:33  Pylon x2  
Spawning Tool Build Advisor. Get it on Overwolf

Go to:

Details

  • Created by: Ruckus_
  • Published on: Sep 29, 2019
  • Modified on: Sep 29, 2019
  • Patch: 4.7.1
  • Difficulty: Easy
Show
View Real Time Build Order
Export as new Build Order

Comments (0)

There are no comments. Be the first!

Create an account to comment!